 Dungeon Crawl Stone Soup version 0.28.0-1-gb440e238dd (webtiles) character file.

Game seed: 15986273753105599799

387 Peloso the Covered (level 6, -9/53 HPs)
             Began as a Minotaur Fighter on Feb 19, 2022.
             Mangled by an ice beast (13 damage)
             ... on level 5 of the Dungeon.
             The game lasted 00:03:35 (4234 turns).

Peloso the Covered (Minotaur Fighter)               Turns: 4234, Time: 00:03:36

Health: -9/53      AC:  8    Str: 20    XL:     6   Next: 49%
Magic:  5/5        EV:  9    Int:  5    God:
Gold:   210        SH:  5    Dex: 12    Spells: 5/5 levels left

rFire   . . .      SeeInvis .   a - +0 long sword
rCold   . . .      Faith    .   c - +0 buckler
rNeg    . . .      Spirit   .   b - +0 scale mail
rPois   .          Reflect  .   (helmet restricted)
rElec   .          Harm     .   n - +0 cloak
rCorr   .          Rampage  .   (no gloves)
Will    .....                   (no boots)
Stlth   ..........              (no amulet)
HPRegen 0.17/turn               (no ring)
MPRegen 0.09/turn               (no ring)

@: no status effects
A: horns 2, retaliatory headbutt
a: no special abilities


You were on level 5 of the Dungeon.
You visited 1 branch of the dungeon, and saw 5 of its levels.

You collected 210 gold pieces.

Inventory:

Hand Weapons
 a - a +0 long sword (weapon)
Armour
 b - a +0 scale mail (worn)
 c - a +0 buckler (worn)
 n - a +0 cloak (worn)
Jewellery
 p - an amulet of faith
Wands
 A - a wand of flame (12)
Scrolls
 e - 3 scrolls of blinking
 f - 3 scrolls of identify {unknown}
 h - 2 scrolls of fear {unknown}
 k - a scroll of holy word {unknown}
 l - a scroll of acquirement {unknown}
 q - a scroll of noise {unknown}
 r - a scroll of enchant weapon {unknown}
 v - 3 scrolls of teleportation {unknown}
 w - a scroll of silence {unknown}
 x - a scroll of fog {unknown}
 y - a scroll of summoning {unknown}
Potions
 d - 3 potions of might
 g - 3 potions of flight {unknown}
 i - a potion of berserk rage {unknown}
 j - a potion of invisibility {unknown}
 m - 3 potions of heal wounds {unknown}
 o - a potion of mutation {unknown}
 s - 3 potions of curing {unknown}
 t - a potion of experience {unknown}
 u - 2 potions of degeneration {unknown}
 z - a potion of cancellation {unknown}


   Skills:
 + Level 4.7 Fighting
 + Level 5.1 Long Blades
 + Level 5.8 Armour
 + Level 1.0 Dodging
 + Level 4.9 Shields


You had 5 spell levels left.
You didn't know any spells.
Your spell library contained the following spells:

 Spells                   Type           Power      Damage    Failure   Level
 Dazzling Flash           Conj/Hex       0%         N/A       99%         3
 Gell's Gravitas          Tloc           0%         N/A       99%         3
 Teleport Other           Tloc           0%         N/A       99%         3
 Iskenderun's Mystic Bla  Conj/Tloc      0%         2d3       100%        4
 Dispersal                Tloc           0%         N/A       100%        6
 Starburst                Conj/Fire      0%         6d3       100%        6


Dungeon Overview and Level Annotations

Branches:
Dungeon (5/15)
 Temple: D:4-7

Altars:
Sif Muna
Uskayaw


Innate Abilities, Weirdness & Mutations

You have a pair of horns on your head.
You reflexively headbutt those who attack you in melee.


Message History

The ice beast is heavily wounded.
The ice beast closely misses you.
You closely miss the ice beast.
The ice beast is heavily wounded.
The ice beast hits you but does no damage.
You barely miss the ice beast.
The ice beast is heavily wounded.
The ice beast barely misses you. You furiously retaliate!
You headbutt the ice beast, but do no damage.
You hit the ice beast. Your headbutt misses the ice beast.
The ice beast is heavily wounded.
The ice beast hits you. The ice beast freezes you!
* * * LOW HITPOINT WARNING * * *
You closely miss the ice beast. You headbutt the ice beast.
The ice beast is severely wounded.
The ice beast hits you but does no damage.
The ice beast barely misses you.
You closely miss the ice beast.
The ice beast is severely wounded.
The ice beast barely misses you.
You barely miss the ice beast.
The ice beast is severely wounded.
The ice beast barely misses you.
You hit the ice beast but do no damage. You headbutt the ice beast.
The ice beast is almost dead.
The ice beast barely misses you.
You barely miss the ice beast. Your headbutt misses the ice beast.
The ice beast is almost dead.
The ice beast hits you.
* * * LOW HITPOINT WARNING * * *
The ice beast freezes you.
* * * LOW HITPOINT WARNING * * *
The ice beast barely misses you. You furiously retaliate!
You headbutt the ice beast. You hit the ice beast but do no damage.
The ice beast is almost dead.
The ice beast hits you.
* * * LOW HITPOINT WARNING * * *
The ice beast freezes you!
You die...

#.. #.#######....
#.# #.# #.... #.#
#.# #.### #.# #.#
#.# #
#.######.#######.#
#.###
#................#
#....
########.#########
##.### #.#####
#...## #...@.#
#.#.# #####Y#
#...# .#
#######.## ..
........# ...
........# .###
#######.# .#
#######.### .#
#..........
#.#####.###


You could see an ice beast.

Vanquished Creatures
  A water moccasin skeleton (D:5)
  A bullfrog zombie (D:5)
  A centaur skeleton (D:4)
  An iguana (D:4)
  15 gnolls
  5 adders
  A white imp (D:5)
  A dart slug (D:2)
  3 bats
  5 endoplasms
  2 giant cockroaches (D:2)
  3 goblins
  6 hobgoblins
  2 jackals (D:1)
  6 kobolds
  6 ball pythons
  A frilled lizard (D:1)
  3 rats
63 creatures vanquished.

Notes
Turn   | Place    | Note
-------+----------+-------------------------------------------
     0 | D:1      | Peloso the Minotaur Fighter began the quest for the Orb.
     0 | D:1      | Reached XP level 1. HP: 19/19 MP: 0/0
   173 | D:1      | Reached XP level 2. HP: 25/27 MP: 1/1
   443 | D:1      | Found a faded altar of an unknown god.
   507 | D:1      | Reached XP level 3. HP: 14/33 MP: 2/2
  1412 | D:2      | Reached XP level 4. HP: 30/40 MP: 3/3
  2051 | D:3      | Found a hide-covered altar of Uskayaw.
  2065 | D:3      | Reached XP level 5. HP: 47/47 MP: 4/4
  3037 | D:4      | Reached skill level 5 in Armour
  3646 | D:4      | Reached skill level 1 in Dodging
  3656 | D:4      | Found a shimmering blue altar of Sif Muna.
  3825 | D:5      | Entered Level 5 of the Dungeon
  3879 | D:5      | Reached XP level 6. HP: 51/53 MP: 5/5
  4056 | D:5      | Reached skill level 5 in Long Blades
  4221 | D:5      | Noticed an ice beast
  4234 | D:5      | Mangled by an ice beast

Illustrated notes

Levels and vault maps discovered:
D:1:      lightli_arrival_chessboard, layout_basic, basic_ecumenical_altar
D:2:      layout_loops_ring
D:3:      layout_loops_ring, mainiacjoe_overflow_brackets, grunt_ministairs_13,
          serial_bayou_pond_a, glass_columns_a, chequers_hall_statues_wall_a
D:4:      layout_basic, lemuel_crystal_altar
D:5:      layout_loops_ring, minmay_temple_entry_glass, uniq_eustachio

Skill      XL: |  1  2  3  4  5  6 |
---------------+-------------------+-----
Armour         | 4 5 |  5.8
Fighting       | 4 |  4.7
Shields        | 4 |  4.9
Long Blades    | 3 4 5 |  5.1
Dodging        | 1 |  1.0

Action                   |  1- 3 |  4- 6 || total
-------------------------+-------+-------++-------
Melee: Long sword        |    64 |   108 ||   172
       Headbutt          |     8 |    25 ||    33
  Use: Scroll            |     1 |       ||     1
Armor: Scale mail        |    25 |    43 ||    68
Dodge: Dodged            |    18 |    49 ||    67
Block: Buckler           |    24 |    25 ||    49
